[ PARTIDA AOE2 · #505663668 ]
UnrankedJaponeses vs Armenians
Equipo del jugador · VICT
Equipo rival · DERR
[ ANÁLISIS DE REPETICIÓN · EXTRAÍDO DE LA PARTIDA GRABADA ]
Feudal
8:54
Castillos
21:23
Imperial
36:56
| APM promedio | 56.5 |
| APM pico | 99 |
| eAPM promedio | 24.9 |
| Aldeanos / militares | 190 / 125 |
Foco
⚔️ 39.0% · 🌾 61.0%
Cavalry Archer ×44 · Scout Cavalry ×40 · Archer ×22 · Militia ×6 · Trebuchet (Packed) ×5 · Mangonel ×4
Feudal
8:53
Castillos
22:08
Imperial
40:15
| APM promedio | 77.8 |
| APM pico | 146 |
| eAPM promedio | 42.5 |
| Aldeanos / militares | 138 / 225 |
Foco
⚔️ 50.5% · 🌾 49.5%
Archer ×111 · Skirmisher ×50 · Spearman ×32 · Composite Bowman ×12 · Battering Ram ×9 · Mangonel ×5
Mapa de la partida
Recursos iniciales + cada clic de construcción. Líneas = muros · curvas = relieve. ◆ oro · ⬟ piedra · ● bayas · ✦ reliquia · ◌ hueco del cierre
Tu base· ✓ Cerrada en 21:23 · 38t muro · sin puerta
Base de [CL] Dubstepyzed· Abierta — el rival se encerró
Terreno inicial suavizado · ◌ = hueco del cierre detectado · pasá el cursor para detalles
Inputs por minuto
— DS_Kawakaze - - [CL] Dubstepyzed
Build order — DS_Kawakaze
Primeras 150 de 500 acciones detectadas
| 0:00 | Crear | Villager (Male) ×4 |
| 0:02 | Construir | House |
| 0:03 | Construir | House |
| 1:29 | Crear | Villager (Male) |
| 1:44 | Construir | Lumber Camp |
| 1:58 | Crear | Villager (Male) |
| 2:02 | Crear | Villager (Male) |
| 2:37 | Crear | Villager (Male) |
| 3:04 | Crear | Villager (Male) |
| 3:39 | Crear | Villager (Male) |
| 3:45 | Crear | Villager (Male) |
| 3:56 | Construir | House |
| 4:11 | Crear | Villager (Male) |
| 4:24 | Crear | Villager (Male) |
| 4:26 | Construir | Barracks |
| 4:50 | Crear | Villager (Male) |
| 5:07 | Construir | House |
| 5:10 | Construir | Palisade Wall |
| 5:20 | Crear | Villager (Male) |
| 5:20 | Investigar | Loom |
| 6:27 | Construir | Mining Camp |
| 6:44 | Investigar | Feudal Age |
| 7:06 | Construir | Mill |
| 7:14 | Crear | Militia |
| 7:15 | Crear | Militia |
| 7:59 | Crear | Militia |
| 8:08 | Construir | House |
| 8:23 | Crear | Villager (Male) |
| 8:54 | Edad | Edad Feudal |
| 8:56 | Investigar | Man-at-Arms (upgrade) |
| 9:06 | Crear | Villager (Male) |
| 9:17 | Construir | Archery Range |
| 9:31 | Investigar | Double-Bit Axe |
| 9:38 | Crear | Villager (Male) |
| 9:59 | Construir | Farm |
| 10:00 | Construir | Farm |
| 10:07 | Crear | Villager (Male) |
| 10:16 | Crear | Archer |
| 10:20 | Crear | Villager (Male) |
| 10:37 | Crear | Villager (Male) |
| 10:39 | Construir | House |
| 10:40 | Construir | House |
| 11:02 | Crear | Villager (Male) |
| 11:03 | Construir | Farm |
| 11:05 | Construir | Farm |
| 11:16 | Crear | Archer |
| 11:18 | Crear | Villager (Male) |
| 11:34 | Construir | Farm |
| 11:47 | Crear | Villager (Male) |
| 11:49 | Crear | Archer |
| 11:53 | Construir | House |
| 11:56 | Construir | Palisade Wall |
| 11:56 | Crear | Villager (Male) |
| 11:59 | Construir | House |
| 12:01 | Construir | Palisade Wall |
| 12:10 | Crear | Archer |
| 12:19 | Crear | Villager (Male) |
| 12:23 | Construir | Farm |
| 12:39 | Crear | Archer |
| 13:01 | Crear | Villager (Male) |
| 13:13 | Construir | Blacksmith |
| 13:30 | Crear | Villager (Male) |
| 13:32 | Crear | Villager (Male) |
| 13:38 | Construir | Farm |
| 13:49 | Crear | Archer |
| 13:52 | Crear | Villager (Male) |
| 13:59 | Construir | Palisade Wall |
| 14:04 | Construir | House |
| 14:08 | Construir | Palisade Wall |
| 14:11 | Crear | Archer |
| 14:13 | Investigar | Fletching |
| 14:26 | Construir | Farm |
| 14:35 | Crear | Archer |
| 14:50 | Crear | Archer |
| 15:03 | Construir | Farm |
| 15:17 | Crear | Villager (Male) |
| 15:20 | Construir | Farm |
| 15:24 | Crear | Archer |
| 15:30 | Construir | House |
| 15:31 | Construir | Palisade Wall |
| 15:33 | Construir | Palisade Wall |
| 15:40 | Crear | Archer |
| 15:42 | Crear | Villager (Male) |
| 15:55 | Construir | Farm |
| 15:59 | Construir | Palisade Wall |
| 16:07 | Crear | Villager (Male) |
| 16:14 | Crear | Archer |
| 16:23 | Crear | Villager (Male) |
| 16:36 | Construir | House |
| 16:36 | Crear | Villager (Male) |
| 16:38 | Construir | House |
| 16:40 | Construir | House |
| 16:48 | Crear | Archer |
| 16:55 | Construir | Lumber Camp |
| 17:06 | Crear | Villager (Male) |
| 17:14 | Crear | Archer |
| 17:24 | Crear | Archer |
| 17:32 | Construir | Farm |
| 17:32 | Construir | Farm |
| 17:59 | Crear | Villager (Male) |
| 18:04 | Crear | Archer |
| 18:43 | Investigar | Castle Age |
| 19:06 | Crear | Archer |
| 19:18 | Construir | Farm |
| 19:19 | Investigar | Horse Collar |
| 19:36 | Crear | Villager (Male) |
| 19:44 | Investigar | Padded Archer Armor |
| 19:45 | Investigar | Padded Archer Armor |
| 19:57 | Construir | Farm |
| 19:58 | Construir | Farm |
| 19:59 | Construir | Farm |
| 20:00 | Construir | Farm |
| 20:14 | Crear | Archer |
| 20:14 | Crear | Archer |
| 20:26 | Construir | Archery Range |
| 20:28 | Construir | Farm |
| 20:29 | Construir | Farm |
| 20:33 | Crear | Archer |
| 20:41 | Construir | Farm |
| 20:44 | Crear | Archer |
| 20:45 | Crear | Villager (Male) |
| 20:59 | Investigar | Gold Mining |
| 21:23 | Edad | Edad de los Castillos |
| 21:27 | Investigar | Crossbowman (upgrade) |
| 21:32 | Crear | Archer |
| 21:34 | Construir | Farm |
| 21:44 | Investigar | Bodkin Arrow |
| 21:57 | Construir | Town Center |
| 21:59 | Crear | Villager (Male) |
| 22:20 | Construir | Farm |
| 22:20 | Construir | Farm |
| 22:20 | Construir | Farm |
| 22:20 | Construir | Farm |
| 22:21 | Construir | Farm |
| 22:21 | Construir | Farm |
| 22:21 | Construir | Farm |
| 22:42 | Crear | Villager (Male) |
| 22:55 | Crear | Villager (Male) |
| 23:08 | Crear | Villager (Male) |
| 23:13 | Crear | Villager (Male) |
| 23:15 | Construir | Siege Workshop |
| 23:20 | Crear | Villager (Male) |
| 23:41 | Crear | Villager (Male) |
| 24:07 | Crear | Villager (Male) |
| 24:08 | Investigar | Bow Saw |
| 24:13 | Crear | Villager (Male) |
| 24:14 | Crear | Mangonel |
| 24:14 | Crear | Mangonel |
| 24:15 | Crear | Villager (Male) |
| 24:16 | Crear | Villager (Male) |
Build order — [CL] Dubstepyzed
Primeras 150 de 648 acciones detectadas
| 0:02 | Crear | Villager (Male) |
| 0:02 | Crear | Villager (Male) |
| 0:02 | Crear | Villager (Male) |
| 0:03 | Construir | House |
| 0:04 | Construir | House |
| 0:12 | Crear | Villager (Male) |
| 1:31 | Crear | Villager (Male) |
| 1:58 | Crear | Villager (Male) |
| 2:14 | Construir | Mule Cart |
| 2:28 | Crear | Villager (Male) |
| 2:58 | Crear | Villager (Male) |
| 2:58 | Crear | Villager (Male) |
| 3:28 | Construir | House |
| 3:40 | Crear | Villager (Male) |
| 3:45 | Construir | Palisade Wall |
| 3:47 | Construir | Palisade Wall |
| 4:03 | Crear | Villager (Male) |
| 4:10 | Crear | Villager (Male) |
| 4:15 | Crear | Villager (Male) |
| 4:25 | Crear | Villager (Male) |
| 5:05 | Construir | Mill |
| 5:38 | Crear | Villager (Male) |
| 5:56 | Investigar | Loom |
| 6:43 | Investigar | Feudal Age |
| 6:59 | Construir | Mule Cart |
| 7:11 | Construir | House |
| 7:13 | Construir | Palisade Wall |
| 7:33 | Construir | Palisade Wall |
| 7:48 | Construir | Palisade Wall |
| 8:08 | Construir | Palisade Wall |
| 8:12 | Construir | Barracks |
| 8:15 | Construir | Palisade Wall |
| 8:17 | Construir | Palisade Wall |
| 8:21 | Construir | Palisade Wall |
| 8:31 | Construir | Palisade Wall |
| 8:33 | Construir | Palisade Wall |
| 8:35 | Construir | Palisade Wall |
| 8:36 | Construir | Palisade Wall |
| 8:39 | Construir | Palisade Wall |
| 8:48 | Construir | Palisade Wall |
| 8:48 | Construir | Palisade Wall |
| 8:49 | Construir | Palisade Wall |
| 8:53 | Edad | Edad Feudal |
| 8:55 | Crear | Villager (Male) |
| 8:57 | Investigar | Double-Bit Axe |
| 9:00 | Construir | Palisade Wall |
| 9:08 | Construir | Palisade Wall |
| 9:11 | Construir | Palisade Wall |
| 9:12 | Construir | Palisade Wall |
| 9:17 | Construir | Palisade Wall |
| 9:20 | Crear | Villager (Male) |
| 9:32 | Construir | Archery Range |
| 9:46 | Crear | Villager (Male) |
| 9:46 | Crear | Villager (Male) |
| 10:06 | Crear | Archer |
| 10:16 | Crear | Villager (Male) |
| 10:22 | Crear | Villager (Male) |
| 10:32 | Crear | Archer |
| 10:39 | Construir | Archery Range |
| 10:49 | Construir | House |
| 11:06 | Construir | House |
| 11:15 | Crear | Archer |
| 11:34 | Crear | Villager (Male) |
| 11:39 | Construir | House |
| 11:40 | Construir | Palisade Wall |
| 11:42 | Crear | Archer |
| 11:43 | Crear | Villager (Male) |
| 11:51 | Construir | Farm |
| 12:01 | Construir | Farm |
| 12:04 | Crear | Archer |
| 12:05 | Crear | Villager (Male) |
| 12:05 | Crear | Villager (Male) |
| 12:11 | Construir | Palisade Wall |
| 12:28 | Crear | Villager (Male) |
| 12:38 | Construir | Blacksmith |
| 12:49 | Crear | Villager (Male) |
| 12:55 | Crear | Archer |
| 12:55 | Crear | Archer |
| 12:55 | Crear | Archer |
| 13:10 | Construir | House |
| 13:21 | Investigar | Fletching |
| 13:26 | Construir | Farm |
| 13:45 | Crear | Archer |
| 13:46 | Crear | Villager (Male) |
| 13:53 | Construir | Farm |
| 13:55 | Construir | Farm |
| 13:59 | Crear | Archer |
| 14:03 | Construir | Farm |
| 14:10 | Construir | House |
| 14:11 | Construir | House |
| 14:13 | Crear | Villager (Male) |
| 14:16 | Construir | Farm |
| 14:26 | Construir | Mule Cart |
| 14:42 | Crear | Villager (Male) |
| 14:48 | Crear | Villager (Male) |
| 14:52 | Crear | Archer |
| 15:05 | Construir | Farm |
| 15:19 | Crear | Archer |
| 15:20 | Crear | Villager (Male) |
| 15:22 | Construir | Farm |
| 15:27 | Crear | Villager (Male) |
| 15:29 | Construir | House |
| 15:30 | Construir | House |
| 15:31 | Construir | House |
| 15:45 | Crear | Archer |
| 15:48 | Crear | Villager (Male) |
| 15:51 | Construir | Farm |
| 15:54 | Construir | Farm |
| 15:58 | Crear | Archer |
| 16:00 | Crear | Villager (Male) |
| 16:10 | Crear | Archer |
| 16:17 | Crear | Archer |
| 16:20 | Crear | Villager (Male) |
| 16:28 | Crear | Villager (Male) |
| 16:32 | Crear | Villager (Male) |
| 16:34 | Crear | Villager (Male) |
| 16:43 | Investigar | Wheelbarrow |
| 16:59 | Construir | Farm |
| 17:01 | Construir | House |
| 17:01 | Construir | House |
| 17:12 | Crear | Archer |
| 17:14 | Crear | Archer |
| 17:16 | Construir | Farm |
| 17:29 | Construir | Market |
| 17:32 | Crear | Archer |
| 17:39 | Construir | Farm |
| 17:56 | Crear | Archer |
| 17:58 | Crear | Villager (Male) |
| 18:03 | Crear | Villager (Male) |
| 18:32 | Crear | Archer |
| 18:36 | Crear | Villager (Male) |
| 19:00 | Crear | Archer |
| 19:00 | Crear | Archer |
| 19:06 | Construir | House |
| 19:06 | Construir | House |
| 19:19 | Construir | House |
| 19:20 | Construir | House |
| 19:28 | Investigar | Castle Age |
| 19:39 | Construir | Farm |
| 19:55 | Construir | Mule Cart |
| 20:05 | Construir | House |
| 20:06 | Construir | Palisade Wall |
| 20:17 | Investigar | Gold Mining |
| 20:19 | Crear | Archer |
| 20:19 | Crear | Archer |
| 20:28 | Construir | House |
| 20:29 | Construir | House |
| 20:36 | Investigar | Horse Collar |
| 20:47 | Construir | Palisade Wall |
| 20:56 | Crear | Archer |
Cronología de la partida
| 3:45 | [CL] Dubstepyzed · wall_segment Palisade Wall x1 |
| 3:47 | [CL] Dubstepyzed · wall_segment Palisade Wall x1 |
| 4:26 | DS_Kawakaze · first_building Barracks |
| 5:10 | DS_Kawakaze · wall_segment Palisade Wall x4 |
| 7:13 | [CL] Dubstepyzed · wall_segment Palisade Wall x3 |
| 7:33 | [CL] Dubstepyzed · wall_segment Palisade Wall x3 |
| 7:48 | [CL] Dubstepyzed · wall_segment Palisade Wall x1 |
| 8:08 | [CL] Dubstepyzed · wall_segment Palisade Wall x1 |
| 8:12 | [CL] Dubstepyzed · first_building Barracks |
| 8:15 | [CL] Dubstepyzed · wall_segment Palisade Wall x1 |
| 8:17 | [CL] Dubstepyzed · wall_segment Palisade Wall x1 |
| 8:21 | [CL] Dubstepyzed · wall_segment Palisade Wall x4 |
| 8:31 | [CL] Dubstepyzed · wall_segment Palisade Wall x1 |
| 8:33 | [CL] Dubstepyzed · wall_segment Palisade Wall x1 |
| 8:35 | [CL] Dubstepyzed · wall_segment Palisade Wall x1 |
| 8:36 | [CL] Dubstepyzed · wall_segment Palisade Wall x1 |
| 8:39 | [CL] Dubstepyzed · wall_segment Palisade Wall x1 |
| 8:48 | [CL] Dubstepyzed · wall_segment Palisade Wall x1 |
| 8:48 | [CL] Dubstepyzed · wall_segment Palisade Wall x1 |
| 8:49 | [CL] Dubstepyzed · wall_segment Palisade Wall x1 |
| 8:53 | [CL] Dubstepyzed · age_up feudal |
| 8:54 | DS_Kawakaze · age_up feudal |
| 9:00 | [CL] Dubstepyzed · wall_segment Palisade Wall x1 |
| 9:08 | [CL] Dubstepyzed · wall_segment Palisade Wall x1 |
| 9:11 | [CL] Dubstepyzed · wall_segment Palisade Wall x1 |
| 9:12 | [CL] Dubstepyzed · wall_segment Palisade Wall x1 |
| 9:17 | DS_Kawakaze · first_building Archery Range |
| 9:17 | [CL] Dubstepyzed · wall_segment Palisade Wall x1 |
| 9:32 | [CL] Dubstepyzed · first_building Archery Range |
| 11:40 | [CL] Dubstepyzed · wall_segment Palisade Wall x1 |
| 11:56 | DS_Kawakaze · wall_segment Palisade Wall x9 |
| 12:01 | DS_Kawakaze · wall_segment Palisade Wall x9 |
| 12:11 | [CL] Dubstepyzed · wall_segment Palisade Wall x1 |
| 13:59 | DS_Kawakaze · wall_segment Palisade Wall x1 |
| 14:08 | DS_Kawakaze · wall_segment Palisade Wall x8 |
| 15:31 | DS_Kawakaze · wall_segment Palisade Wall x7 |
| 15:33 | DS_Kawakaze · wall_segment Palisade Wall x2 |
| 15:59 | DS_Kawakaze · wall_segment Palisade Wall x2 |
| 19:22 | [CL] Dubstepyzed · first_market_sell 100 wood |
| 20:06 | [CL] Dubstepyzed · wall_segment Palisade Wall x1 |
| 20:47 | [CL] Dubstepyzed · wall_segment Palisade Wall x1 |
| 21:23 | DS_Kawakaze · age_up castle |
| 22:08 | [CL] Dubstepyzed · age_up castle |
| 23:15 | DS_Kawakaze · first_building Siege Workshop |
| 25:28 | [CL] Dubstepyzed · first_building Monastery |
| 26:09 | [CL] Dubstepyzed · first_building Siege Workshop |
| 26:24 | DS_Kawakaze · first_building Stable |
| 33:14 | [CL] Dubstepyzed · first_market_buy 100 stone |
| 33:45 | DS_Kawakaze · first_market_sell 100 stone |
| 35:49 | DS_Kawakaze · first_market_buy 100 stone |
| 36:02 | DS_Kawakaze · first_building Castle |
| 36:56 | DS_Kawakaze · age_up imperial |
| 37:40 | DS_Kawakaze · first_building Monastery |
| 38:46 | [CL] Dubstepyzed · first_building Castle |
| 40:15 | [CL] Dubstepyzed · age_up imperial |
| 44:57 | [CL] Dubstepyzed · wall_segment Stone Wall x7 |
| 45:46 | [CL] Dubstepyzed · wall_segment Stone Wall x1 |
| 45:48 | [CL] Dubstepyzed · wall_segment Stone Wall x1 |
| 45:49 | [CL] Dubstepyzed · wall_segment Stone Wall x4 |
| 48:07 | [CL] Dubstepyzed · wall_segment Stone Wall x1 |
| 48:08 | [CL] Dubstepyzed · wall_segment Stone Wall x1 |
| 52:13 | [CL] Dubstepyzed · resign |
[ ANÁLISIS IA · 1 CRÉDITO ]
¿Qué pasó realmente en esta partida?
Wolo.gg analiza cada decisión: build order, eco, micro, errores típicos por bracket. Análisis personalizado por WhatsApp o Discord en 30 segundos.
Guía civ
Japoneses
Perfil
Jugador #9806716